Map: Frozen Temple

Players

Stats - Winner!

  • Race: Protoss Protoss

PtitDrogo

  • Race: Protoss Protoss

Event: 2016 WCS Global Finals

VOD

Have the link to the VOD?

Description

Time

  • Played on: Oct. 30, 2016, 11:48 a.m.
  • Length: 10:48

All games in this series

Show
View Real Time Build Order
Export as new Build Order

Stats Protoss - Winner!

Build Orders: Blink Stalkers 

Get SALT Encoding   

  12  0:00  Probe (Chrono Boost)  
  13  0:11  Probe (Chrono Boost)  
  14  0:17  Pylon  
  14  0:21  Probe (Chrono Boost)  
  16  0:35  Gateway, Probe (Chrono Boost)  
  16  0:42  Assimilator  
  16  0:46  Probe (Chrono Boost)  
  16  0:49  Assimilator  
  17  0:56  Probe (Chrono Boost)  
  18  1:07  Probe (Chrono Boost)  
  18  1:08  Gateway  
  19  1:18  Probe (Chrono Boost)  
  20  1:22  Cybernetics Core  
  20  1:28  Probe (Chrono Boost)  
  20  1:32  Pylon  
  21  1:39  Probe (Chrono Boost)  
  22  1:46  Warp Gate  
  22  1:49  Probe (Chrono Boost)  
  23  2:01  Mothership Core (Chrono Boost)  
  25  2:10  Nexus  
  25  2:18  Stalker  
  27  2:26  Stalker  
  30  2:31  Probe (Chrono Boost)  
  30  2:37  Pylon  
  30  2:43  Probe (Chrono Boost)  
  31  2:55  Stalker  
  31  2:56  Stalker  
  35  3:05  Twilight Council  
  35  3:10  Probe (Chrono Boost)  
  35  3:22  Probe (Chrono Boost)  
  35  3:25  Stalker  
  35  3:26  Blink  
  38  3:28  Stalker  
  38  3:29  Probe (Chrono Boost)  
  42  3:34  Probe (Chrono Boost)  
  42  3:43  Probe (Chrono Boost)  
  42  3:47  Probe (Chrono Boost)  
  44  4:01  Probe (Chrono Boost)  
  46  4:03  Probe (Chrono Boost)  
  46  4:08  Stalker  
  46  4:09  Stalker  
  50  4:16  Pylon  
  50  4:20  Probe (Chrono Boost)  
  50  4:21  Probe (Chrono Boost)  
  52  4:30  Probe (Chrono Boost)  
  52  4:35  Stalker x2  
  57  4:39  Probe (Chrono Boost)  
  57  4:41  Probe (Chrono Boost)  
  58  4:50  Robotics Facility  
  59  4:54  Probe x2 (Chrono Boost)  
  59  5:04  Probe (Chrono Boost)  
  59  5:06  Probe (Chrono Boost)  
  61  5:07  Pylon  
  61  5:11  Pylon  
  61  5:14  Assimilator  
  61  5:15  Probe (Chrono Boost)  
  62  5:22  Pylon  
  62  5:24  Gateway  
  62  5:26  Sentry  
  62  5:27  Probe (Chrono Boost), Sentry  
  62  5:28  Pylon  
  67  5:29  Probe (Chrono Boost)  
  67  5:32  Assimilator  
  68  5:38  Observer  
  68  5:39  Probe x2 (Chrono Boost)  
  71  5:48  Gateway  
  71  5:51  Stalker  
  71  5:54  Warp Prism, Stalker  
  75  6:02  Probe (Chrono Boost)  
  75  6:03  Probe (Chrono Boost)  
  79  6:06  Robotics Bay  
  80  6:18  Probe (Chrono Boost)  
  80  6:20  Probe (Chrono Boost)  
  80  6:27  Pylon  
  80  6:32  Stalker x2  
  82  6:36  Forge  
  82  6:39  Nexus  
  84  6:48  Adept x2, Disruptor  
  84  6:50  Probe (Chrono Boost)  
  84  6:51  Probe (Chrono Boost)  
  93  6:59  Protoss Ground Weapons Level 1  
  94  7:01  Probe (Chrono Boost)  
  94  7:03  Probe (Chrono Boost)  
  94  7:07  Pylon  
  95  7:10  Pylon  
  95  7:13  Probe (Chrono Boost)  
  95  7:15  Probe (Chrono Boost)  
  97  7:17  Photon Cannon  
  97  7:19  Disruptor  
  97  7:24  Pylon  
  100  7:37  Stalker x4  
  108  7:50  Disruptor  
  111  8:03  Adept x4  
  107  8:21  Disruptor  
  110  8:30  Stalker  
  110  8:31  Stalker x3  
  118  8:34  Nexus  
  118  8:36  Pylon  
  118  8:40  Pylon  
  105  8:57  Disruptor  
  105  9:02  Stalker x4  
  104  9:15  Assimilator  
  104  9:17  Assimilator  
  104  9:25  Stalker x4  
  112  9:50  Stalker x4  
  120  9:59  Dark Shrine  
  120  10:03  Probe (Chrono Boost)  
  120  10:05  Probe (Chrono Boost)  
  120  10:06  Probe (Chrono Boost)  
  123  10:20  Stalker x4  
  117  10:45  Stalker x4  
Show
View Real Time Build Order
Export as new Build Order

PtitDrogo Protoss 

Build Orders: Oracle Opening, Zealot Archon 

Get SALT Encoding   

  12  0:01  Probe (Chrono Boost)  
  13  0:11  Probe (Chrono Boost)  
  14  0:18  Pylon  
  14  0:22  Probe (Chrono Boost)  
  15  0:36  Probe (Chrono Boost)  
  15  0:37  Gateway  
  15  0:42  Assimilator  
  16  0:47  Probe (Chrono Boost)  
  17  0:57  Probe (Chrono Boost)  
  17  0:58  Assimilator  
  17  1:03  Gateway  
  18  1:08  Probe (Chrono Boost)  
  20  1:18  Probe (Chrono Boost)  
  20  1:23  Cybernetics Core  
  20  1:29  Probe (Chrono Boost)  
  20  1:31  Pylon  
  21  1:39  Probe (Chrono Boost)  
  22  1:48  Warp Gate  
  22  1:50  Probe (Chrono Boost)  
  23  2:00  Adept x2  
  29  2:04  Mothership Core (Chrono Boost)  
  29  2:08  Pylon  
  30  2:24  Probe (Chrono Boost)  
  30  2:25  Stargate  
  30  2:35  Adept x2  
  34  3:02  Nexus  
  34  3:12  Pylon  
  34  3:14  Oracle  
  34  3:16  Probe (Chrono Boost)  
  39  3:28  Probe (Chrono Boost)  
  39  3:33  Robotics Facility  
  39  3:41  Probe (Chrono Boost)  
  40  3:47  Oracle  
  40  3:53  Probe (Chrono Boost)  
  44  4:05  Probe (Chrono Boost)  
  45  4:16  Adept x2  
  51  4:17  Observer, Probe x2 (Chrono Boost)  
  52  4:27  Probe (Chrono Boost)  
  52  4:29  Probe (Chrono Boost)  
  54  4:34  Immortal  
  54  4:38  Probe (Chrono Boost)  
  55  4:41  Probe (Chrono Boost)  
  60  4:48  Probe (Chrono Boost)  
  60  4:50  Pylon  
  60  4:53  Probe (Chrono Boost)  
  60  4:55  Pylon  
  60  5:04  Probe (Chrono Boost)  
  60  5:05  Probe (Chrono Boost)  
  62  5:08  Immortal, Pylon  
  66  5:18  Forge, Twilight Council  
  66  5:20  Probe (Chrono Boost)  
  68  5:22  Probe (Chrono Boost)  
  68  5:28  Assimilator  
  68  5:29  Assimilator  
  68  5:31  Probe (Chrono Boost)  
  68  5:33  Sentry  
  72  5:35  Probe (Chrono Boost)  
  72  5:41  Probe (Chrono Boost)  
  73  5:44  Immortal  
  73  5:48  Probe (Chrono Boost)  
  78  5:52  Probe (Chrono Boost)  
  79  6:00  Resonating Glaives, Probe (Chrono Boost), Protoss Ground Weapons Level 1  
  79  6:03  Probe (Chrono Boost)  
  79  6:17  Gateway x2  
  79  6:18  Warp Prism  
  79  6:20  Gateway  
  79  6:22  Gateway  
  79  6:24  Gateway  
  79  6:25  Sentry  
  83  6:26  Pylon  
  83  6:40  Templar Archives  
  77  6:52  Adept x2  
  81  6:54  Observer  
  81  6:59  Nexus  
  82  7:01  Pylon  
  82  7:08  Pylon  
  82  7:19  Adept x7  
  96  7:26  Pylon  
  96  7:41  High Templar x2  
  96  7:43  Adept x3  
  104  7:45  Archon  
  104  7:54  Adept x2  
  94  8:09  Phoenix  
  84  8:14  Adept  
  84  8:15  Adept  
  84  8:16  Adept x4  
  84  8:17  Adept  
  97  8:30  Phoenix  
  97  8:31  Probe (Chrono Boost)  
  100  8:37  Probe (Chrono Boost)  
  83  8:53  Adept x5  
  81  8:58  Phoenix  
  81  9:02  Immortal, Probe (Chrono Boost)  
  62  9:10  Adept, Stalker  
  66  9:22  Adept x5  
  76  9:38  Adept x2  
  71  9:45  Adept x4  
  71  9:46  Adept  
  79  9:58  Adept x2, Phoenix  
  83  10:02  Immortal  
  89  10:20  Adept x3  
  95  10:27  Pylon  
Tags
 
Add a new tag
Caveats
  • Supply blocks, unpowered buildings, or Contaminate may cause inaccurate times.
  • Supply counts are checked every 10 seconds.